 Dungeon Crawl Stone Soup version 0.21.1-1-g345015f (webtiles) character file.

5286 tidbits the Martial Artist (level 10, -5/99 HPs)
             Began as a Gnoll Transmuter on Mar 24, 2018.
             Was a High Priest of Cheibriados.
             Slain by a death yak (25 damage)
             ... on level 11 of the Dungeon.
             The game lasted 00:32:44 (2837 turns).

tidbits the Martial Artist (Gnoll Transmuter)       Turns: 2837, Time: 00:32:44

Health: -5/99      AC:  8    Str: 24    XL:     10   Next: 63%
Magic:  21/21      EV: 17    Int: 37    God:    Cheibriados [*****.]
Gold:   106        SH:  0    Dex: 29    Spells: 5/23 levels left

rFire    . . .     SeeInvis .     - Unarmed
rCold    + + .     Gourm    .   (shield currently unavailable)
rNeg     + . .     Faith    .   (armour currently unavailable)
rPois    +         Spirit   .   (helmet currently unavailable)
rElec    +         Reflect  .   (cloak currently unavailable)
rCorr    .         Harm     .   (gloves currently unavailable)
MR       .....                  (boots currently unavailable)
Stlth    ++++......             s - amulet "Funner" {RegenMP rElec Dex+2}
HPRegen  0.26/turn              C - ring "Oshuk" {rC- rN+ Int+8}
MPRegen  0.42/turn              M - ring of protection from fire

@: about to teleport, ice-form (expiring), drained, very slow
A: large, distributed training, blink, blurry vision 1, robust 1, strong nose
a: End Transformation, Blink, Bend Time, Temporal Distortion, Slouch, Step From
Time, Renounce Religion


You were on level 11 of the Dungeon.
You worshipped Cheibriados.
Cheibriados was extremely pleased with you.
You were not hungry.
You were a creature of crystalline ice.
You visited 2 branches of the dungeon, and saw 12 of its levels.
You also visited: Sewer.

You collected 372 gold pieces.
You spent 266 gold pieces at shops.

Inventory:

Hand Weapons
 a - a +0 dagger
 k - a +0 battleaxe
 l - a +4 whip of venom
   (You took it off a kobold on level 1 of the Dungeon)
 n - a +0 dagger of venom (melded)
   (You took it off a goblin on level 2 of the Dungeon)
 o - a +0 hunting sling
 t - a +0 blowgun
 R - a +2 war axe of freezing
   (You took it off a wight on level 11 of the Dungeon)
Missiles
 b - 5 tomahawks
 g - 53 arrows
 j - 2 throwing nets {!f}
 p - 138 stones (quivered)
 u - 15 poisoned needles
 y - 3 curare-tipped needles
Armour
 B - a +0 robe (melded)
 D - a +0 shield
 E - a +1 helmet (melded)
 F - a +0 pair of boots (melded)
 G - a cursed +0 pair of gloves (melded)
Magical Staves
 H - an uncursed staff of fire
   (You took it off a gnoll on level 6 of the Dungeon)
Jewellery
 s - the amulet "Funner" (around neck) {RegenMP rElec Dex+2}
   (You found it on level 4 of the Dungeon)

   [amulet of magic regeneration]

   It increases your magic regeneration.
   It affects your dexterity (+2).
   It insulates you from electricity.
 C - the ring "Oshuk" (left front paw) {rC- rN+ Int+8}
   (You took it off an orc on level 6 of the Dungeon)

   [ring of positive energy]

   It affects your intelligence (+8).
   It makes you vulnerable to cold.
   It protects you from negative energy.
 I - an uncursed ring of see invisible
   (You found it on level 8 of the Dungeon)
 M - a ring of protection from fire (right front paw)
   (You found it on level 8 of the Dungeon)
Wands
 q - a wand of iceblast (22)
Scrolls
 e - 6 scrolls of fog
 f - 3 scrolls of amnesia
 i - a scroll of identify
 r - 2 scrolls of remove curse
 K - a scroll of teleportation
 L - a scroll of summoning
 N - a scroll of enchant armour
 O - a scroll of immolation
 P - a scroll of random uselessness
 Q - a scroll of noise {unknown}
Potions
 h - 3 potions of heal wounds
 m - a potion of lignification
 v - 3 potions of curing
 w - 4 potions of brilliance
 x - 3 potions of agility
 z - 2 potions of flight
 J - a potion of might
Books
 d - a book of Changes

   Spells                             Type                      Level
   a - Beastly Appendage              Transmutation                1
   b - Sticks to Snakes               Transmutation                2
   c - Spider Form                    Transmutation/Poison         3
   d - Ice Form                       Ice/Transmutation            4
   e - Blade Hands                    Transmutation                5
 A - a book of Geomancy
   (You found it on level 7 of the Dungeon)

   Spells                             Type                      Level
   a - Sandblast                      Earth                        1
   b - Passwall                       Transmutation/Earth          2
   c - Stone Arrow                    Conjuration/Earth            3
   d - Petrify                        Transmutation/Earth          4
   e - Lee's Rapid Deconstruction     Earth                        5
Comestibles
 c - 8 rations


   Skills:
 + Level 6.0(5.9) Fighting
 + Level 5.3(5.2) Short Blades
 + Level 5.3(5.2) Long Blades
 + Level 5.3(5.2) Axes
 + Level 5.3(5.2) Maces & Flails
 + Level 5.3(5.2) Polearms
 + Level 5.3(5.2) Staves
 + Level 5.3(5.2) Slings
 + Level 5.3(5.2) Bows
 + Level 5.3(5.2) Crossbows
 + Level 5.3(5.2) Throwing
 + Level 5.3(5.2) Armour
 + Level 7.1(7.0) Dodging
 + Level 5.3(5.2) Stealth
 + Level 5.3(5.2) Shields
 + Level 8.5(8.4) Unarmed Combat
 + Level 7.4(7.3) Spellcasting
 + Level 4.4(4.3) Conjurations
 + Level 4.4(4.3) Hexes
 + Level 4.4(4.3) Charms
 + Level 4.4(4.3) Summonings
 + Level 4.4(4.3) Necromancy
 + Level 4.4(4.3) Translocations
 + Level 5.9(5.8) Transmutations
 + Level 4.4(4.3) Fire Magic
 + Level 4.4(4.3) Ice Magic
 + Level 4.4(4.3) Air Magic
 + Level 4.4(4.3) Earth Magic
 + Level 4.4(4.3) Poison Magic
 + Level 5.9(5.7) Invocations
 + Level 5.3(5.2) Evocations


You had 5 spell levels left.
You knew the following spells:

 Your Spells              Type           Power        Failure   Level  Hunger
a - Sandblast             Erth           #####.       1%          1    None
b - Spider Form           Tmut/Pois      ######....   1%          3    None
e - Beastly Appendage     Tmut           ######       1%          1    None
h - Blade Hands           Tmut           ######....   7%          5    ####...
i - Ice Form              Ice/Tmut       ######..     3%          4    None
k - Sticks to Snakes      Tmut           ######..     1%          2    None
p - Passwall              Tmut/Erth      ######....   1%          2    None


Dungeon Overview and Level Annotations

Branches:
Dungeon (11/15)            Temple (1/1) D:7
   Lair: D:8-11         Orc: D:9-12

Altars:
Ashenzari
Cheibriados
Dithmenos
Fedhas
Gozag
Hepliaklqana
Kikubaaqudgha
Makhleb
Okawaru
Qazlal
Sif Muna
Uskayaw
Wu Jian
Yredelemnul
Zin
The Shining One

Shops:
D:7 ?   D:9 ?


Innate Abilities, Weirdness & Mutations

Your experience applies equally to all skills.
((You have very sharp teeth.))
Your uncanny sense of smell can sniff out nearby items.
You can translocate small distances at will.
Scrolls take you a little longer to read.
You are robust. (+10% HP)
((You are resistant to electric shocks. (rElec)))


Message History

p - 141 stones (gained 16)
A wight comes into view. It is wielding a war axe of freezing.
A wight comes into view.
It is wielding an enchanted great sword. 2 wights come into view.
Casting: Ice Form
Confirm with . or Enter, or press ? or * to list all spells.
You can't see any susceptible monsters within range! (Use Z to cast anyway.)
Casting: Ice Form
Confirm with . or Enter, or press ? or * to list all spells.
Aiming: Sandblast
Press: ? - help, Shift-Dir - straight line, f - wight
Aim: a wight, wielding an enchanted great sword and wearing a robe (resting)
The blast of sand hits the wight.
The wight is almost destroyed.
p - 140 stones
Casting: Sandblast
Confirm with . or Enter, or press ? or * to list all spells.
Aiming: Sandblast
Press: ? - help, Shift-Dir - straight line, f/p - wight
Aim: a wight, wielding an enchanted great sword and wearing a robe (almost destroyed)
The blast of sand hits the wight.
You destroy the wight!
Cheibriados appreciates the change of pace.
p - 139 stones
Casting: Sandblast
Confirm with . or Enter, or press ? or * to list all spells.
Aiming: Sandblast
Press: ? - help, Shift-Dir - straight line, f - wight
Aim: a wight, wielding a war axe of freezing and wearing a robe The blast of sand misses the wight.
p - 138 stones You hit the wight but do no damage.
The wight hits you with a war axe of freezing.
You partially resist.
You feel drained. The wight barely misses you. x2
The wight misses you.
The wight hits you with a war axe of freezing.
The wight barely misses you. The wight hits you but does no damage.
The wight hits you with an enchanted dagger.
You partially resist.
You feel drained.
You hit the wight but do no damage. The wight barely misses you.
You pummel the wight!!
You destroy the wight!
Cheibriados appreciates the change of pace.
You hit the wight.
The wight is moderately damaged.
The wight hits you with a war axe of freezing.
You hit the wight.
The wight is heavily damaged.
The wight hits you with a war axe of freezing.
The wight freezes you.
You pummel the wight!!
You destroy the wight!
Cheibriados thoroughly appreciates the change of pace.
The wight barely misses you. x2
Items here: )) [[ a war axe of freezing; a robe; an enchanted dagger; a robe You punch the wight!
The wight is almost destroyed.
The wight hits you with a mace.
You punch the wight!
You destroy the wight!
Cheibriados appreciates the change of pace.
R - a war axe of freezing
Things that are here:
a mace; a robe A cyclops comes into view.
The cyclops moves out of view.
You blink.
You feel slightly more hungry.
Found 19 gold pieces and a scale mail.
A death yak comes into view.
The death yak bellows!
You hear a bellow! x2
A death yak comes into view.
Really read with blurry vision while enemies are nearby?
Okay, then.
Unknown command.
Evoke which item? (* to show all) (? for menu, Esc to quit)
Okay, then.
Found 11 gold pieces.
Unknown command.
Really read with blurry vision while enemies are nearby? [Y]es or [N]o only, please.
Really read with blurry vision while enemies are nearby?
You begin reading the scroll.
You continue reading the scroll.
Your transformation is almost over.
The cyclops shouts!
As you read the scroll of teleportation, it crumbles to dust.
You feel strangely unstable.
Unknown command.
The cyclops throws a large rock.
The large rock hits you!!
* * * LOW HITPOINT WARNING * * *
The cyclops throws a large rock.
The large rock hits you!!!
* * * LOW HITPOINT WARNING * * *
You see here 2 large rocks.
You feel much better. The death yak gores you!
* * * LOW HITPOINT WARNING * * *
Unknown command.
The death yak gores you!!
You die...

..
..##......Y
.$# .#..$...
...# .....
#.#. ##..#
#. ...##..#
∆ #.#
##.#..##
....##....##
....#....Y#
.........Y#
....C.#...#
∆
.....)....#
#####...#
#...# #...#
#.).# ##[##
#.#########


You could see a death yak and a cyclops.

Vanquished Creatures
  Pikel (D:4)
  The ghost of aMcNicky the Thaumaturge, a novice DEWz of Vehumet (D:7)
  A manticore (D:11)
  A water moccasin (D:6)
  4 orc warriors
  A slave (D:4)
  A sky beast (D:6)
  2 ogres
  A phantom (D:9)
  2 centaurs (D:8)
  4 big kobolds
  A crocodile (D:10)
  7 bullfrogs
  A wyvern zombie (D:9)
  2 scorpions
  A killer bee (D:6)
  4 wights (D:11)
  A bullfrog zombie (D:6)
  3 crimson imps
  A centaur zombie (D:5)
  A quasit (D:5)
  2 hounds
  2 jellies (D:7)
  6 orc priests
  A centaur skeleton (D:7)
  4 iguanas
  10 orc wizards
  10 worker ants
  A hound skeleton (D:7)
  Robin (D:2)
  A howler monkey skeleton (D:9)
  7 gnolls
  8 adders
  A shadow imp (D:5)
  An adder skeleton (D:6)
  A worm (D:4)
  4 leopard geckos
  24 orcs
  4 bats
  9 giant cockroaches
  3 hobgoblins
  4 jackals
  21 kobolds
  2 quokkas
  3 ball pythons
  9 goblins
  2 jackal skeletons
  3 rats
  A butterfly (D:6)
186 creatures vanquished.

Vanquished Creatures (collateral kills)
  A centaur skeleton (D:10)
  An ice beast (D:8)
  A big kobold (D:7)
  A crimson imp (D:6)
  An orc priest (D:4)
  2 orc wizards
  2 worker ants (D:6)
  An ooze (D:1)
  A leopard gecko (D:2)
  7 orcs
  A ball python (D:4)
  A giant cockroach (D:6)
  4 goblins
  A hobgoblin (D:2)
  2 kobolds (D:10)
  A butterfly (D:6)
28 creatures vanquished.

Vanquished Creatures (others)
  An orc (D:4)
1 creature vanquished.

Grand Total: 215 creatures vanquished

Notes
Turn   | Place    | Note
-------+----------+-------------------------------------------
     0 | D:1      | tidbits the Gnoll Transmuter began the quest for the Orb.
     0 | D:1      | Reached XP level 1. HP: 17/17 MP: 6/6
   161 | D:2      | Reached XP level 2. HP: 18/23 MP: 5/7
   166 | D:2      | Learned a level 2 spell: Sticks to Snakes
   175 | D:2      | Found a basalt altar of Yredelemnul.
   366 | D:2      | Noticed Robin
   374 | D:2      | Killed Robin
   374 | D:2      | Reached XP level 3. HP: 11/28 MP: 5/9
   380 | D:2      | Reached skill level 5 in Spellcasting
   434 | D:2      | Learned a level 3 spell: Spider Form
   522 | D:1      | Reached skill level 1 in Invocations
   708 | D:3      | Reached skill level 1 in Short Blades
   708 | D:3      | Reached skill level 1 in Long Blades
   708 | D:3      | Reached skill level 1 in Axes
   708 | D:3      | Reached skill level 1 in Maces & Flails
   708 | D:3      | Reached skill level 1 in Polearms
   708 | D:3      | Reached skill level 1 in Staves
   708 | D:3      | Reached skill level 1 in Slings
   708 | D:3      | Reached skill level 1 in Bows
   708 | D:3      | Reached skill level 1 in Crossbows
   708 | D:3      | Reached skill level 1 in Throwing
   708 | D:3      | Reached skill level 1 in Armour
   708 | D:3      | Reached skill level 1 in Stealth
   708 | D:3      | Reached skill level 1 in Shields
   708 | D:3      | Reached skill level 1 in Evocations
   708 | D:3      | Reached XP level 4. HP: 16/34 MP: 0/11
   725 | D:4      | Found a glowing drain.
   727 | D:4      | Got a transparent jade amulet
   729 | D:4      | Identified the amulet "Funner" {RegenMP rElec Dex+2} (You found it on level 4 of the Dungeon)
   743 | Sewer    | Entered a sewer
   749 | Sewer    | Learned a level 4 spell: Ice Form
   777 | Sewer    | Noticed a big kobold
   784 | Sewer    | Killed a big kobold
   784 | Sewer    | Reached skill level 1 in Conjurations
   784 | Sewer    | Reached skill level 1 in Hexes
   784 | Sewer    | Reached skill level 1 in Charms
   784 | Sewer    | Reached skill level 1 in Summonings
   784 | Sewer    | Reached skill level 1 in Necromancy
   784 | Sewer    | Reached skill level 1 in Translocations
   784 | Sewer    | Reached skill level 1 in Fire Magic
   784 | Sewer    | Reached skill level 1 in Ice Magic
   784 | Sewer    | Reached skill level 1 in Air Magic
   784 | Sewer    | Reached skill level 1 in Earth Magic
   784 | Sewer    | Reached skill level 1 in Poison Magic
   784 | Sewer    | Reached XP level 5. HP: 24/40 MP: 2/12
   791 | Sewer    | Reached skill level 3 in Fighting
   850 | Sewer    | Noticed a big kobold
   866 | Sewer    | Killed a big kobold
   866 | Sewer    | Reached skill level 4 in Transmutations
   866 | Sewer    | Reached skill level 2 in Invocations
   866 | Sewer    | Reached XP level 6. HP: 23/47 MP: 4/13
  1007 | Sewer    | Reached skill level 5 in Dodging
  1051 | D:4      | Reached skill level 2 in Short Blades
  1051 | D:4      | Reached skill level 2 in Long Blades
  1051 | D:4      | Reached skill level 2 in Axes
  1051 | D:4      | Reached skill level 2 in Maces & Flails
  1051 | D:4      | Reached skill level 2 in Polearms
  1051 | D:4      | Reached skill level 2 in Staves
  1051 | D:4      | Reached skill level 2 in Slings
  1051 | D:4      | Reached skill level 2 in Bows
  1051 | D:4      | Reached skill level 2 in Crossbows
  1051 | D:4      | Reached skill level 2 in Throwing
  1051 | D:4      | Reached skill level 2 in Armour
  1051 | D:4      | Reached skill level 2 in Stealth
  1051 | D:4      | Reached skill level 2 in Shields
  1051 | D:4      | Reached skill level 2 in Evocations
  1058 | D:4      | Found an opulent altar of Gozag.
  1070 | D:5      | Entered Level 5 of the Dungeon
  1102 | D:5      | Reached XP level 7. HP: 52/52 MP: 3/15
  1121 | D:5      | Reached skill level 7 in Unarmed Combat
  1172 | D:6      | Reached skill level 2 in Conjurations
  1172 | D:6      | Reached skill level 2 in Hexes
  1172 | D:6      | Reached skill level 2 in Charms
  1172 | D:6      | Reached skill level 2 in Summonings
  1172 | D:6      | Reached skill level 2 in Necromancy
  1172 | D:6      | Reached skill level 2 in Translocations
  1172 | D:6      | Reached skill level 2 in Fire Magic
  1172 | D:6      | Reached skill level 2 in Ice Magic
  1172 | D:6      | Reached skill level 2 in Air Magic
  1172 | D:6      | Reached skill level 2 in Earth Magic
  1172 | D:6      | Reached skill level 2 in Poison Magic
  1195 | D:6      | Found a glowing silver altar of Zin.
  1204 | D:6      | Gained mutation: You are robust. (+10% HP) [potion of mutation]
  1204 | D:6      | Gained mutation: You are resistant to electric shocks. (rElec) [potion of mutation]
  1204 | D:6      | Gained mutation: Scrolls take you a little longer to read. [potion of mutation]
  1204 | D:6      | Gained mutation: You can translocate small distances at will. [potion of mutation]
  1275 | D:7      | Learned a level 2 spell: Passwall
  1320 | D:7      | Found a staircase to the Ecumenical Temple.
  1325 | D:7      | Reached skill level 3 in Invocations
  1331 | Temple   | Entered the Ecumenical Temple
  1340 | Temple   | Became a worshipper of Cheibriados the Contemplative
  1360 | D:7      | Reached XP level 8. HP: 66/66 MP: 8/16
  1420 | D:6      | Reached skill level 4 in Fighting
  1425 | D:6      | Reached skill level 3 in Short Blades
  1425 | D:6      | Reached skill level 3 in Long Blades
  1425 | D:6      | Reached skill level 3 in Axes
  1425 | D:6      | Reached skill level 3 in Maces & Flails
  1425 | D:6      | Reached skill level 3 in Polearms
  1425 | D:6      | Reached skill level 3 in Staves
  1425 | D:6      | Reached skill level 3 in Slings
  1425 | D:6      | Reached skill level 3 in Bows
  1425 | D:6      | Reached skill level 3 in Crossbows
  1425 | D:6      | Reached skill level 3 in Throwing
  1425 | D:6      | Reached skill level 3 in Armour
  1425 | D:6      | Reached skill level 3 in Stealth
  1425 | D:6      | Reached skill level 3 in Shields
  1425 | D:6      | Reached skill level 3 in Evocations
  1453 | D:6      | Found an ornate altar of the Wu Jian Council.
  1499 | D:6      | Reached skill level 6 in Spellcasting
  1502 | D:6      | Reached * piety under Cheibriados
  1530 | D:7      | Learned a level 1 spell: Sandblast
  1596 | D:6      | Got a crude steel ring
  1621 | D:6      | Identified the ring "Oshuk" {rC- rN+ Int+8} (You took it off an orc on level 6 of the Dungeon)
  1752 | D:4      | Reached skill level 4 in Invocations
  1754 | D:4      | Reached skill level 3 in Conjurations
  1754 | D:4      | Reached skill level 3 in Hexes
  1754 | D:4      | Reached skill level 3 in Charms
  1754 | D:4      | Reached skill level 3 in Summonings
  1754 | D:4      | Reached skill level 3 in Necromancy
  1754 | D:4      | Reached skill level 3 in Translocations
  1754 | D:4      | Reached skill level 3 in Fire Magic
  1754 | D:4      | Reached skill level 3 in Ice Magic
  1754 | D:4      | Reached skill level 3 in Air Magic
  1754 | D:4      | Reached skill level 3 in Earth Magic
  1754 | D:4      | Reached skill level 3 in Poison Magic
  1757 | D:4      | Reached ** piety under Cheibriados
  1791 | D:4      | Noticed Pikel
  1801 | D:4      | Killed Pikel
  1801 | D:4      | Reached skill level 4 in Short Blades
  1801 | D:4      | Reached skill level 4 in Long Blades
  1801 | D:4      | Reached skill level 4 in Axes
  1801 | D:4      | Reached skill level 4 in Maces & Flails
  1801 | D:4      | Reached skill level 4 in Polearms
  1801 | D:4      | Reached skill level 4 in Staves
  1801 | D:4      | Reached skill level 4 in Slings
  1801 | D:4      | Reached skill level 4 in Bows
  1801 | D:4      | Reached skill level 4 in Crossbows
  1801 | D:4      | Reached skill level 4 in Throwing
  1801 | D:4      | Reached skill level 4 in Armour
  1801 | D:4      | Reached skill level 6 in Dodging
  1801 | D:4      | Reached skill level 4 in Stealth
  1801 | D:4      | Reached skill level 4 in Shields
  1801 | D:4      | Reached skill level 5 in Transmutations
  1801 | D:4      | Reached skill level 4 in Evocations
  1801 | D:4      | Reached XP level 9. HP: 55/73 MP: 18/18
  1987 | D:6      | Found a runed door.
  2005 | D:6      | Found a runed door.
  2021 | D:6      | Reached skill level 5 in Fighting
  2037 | D:6      | Reached *** piety under Cheibriados
  2060 | D:6      | Learned a level 5 spell: Blade Hands
  2179 | D:7      | Found Murawn's Magic Scroll Shoppe.
  2189 | D:7      | Bought a scroll of amnesia for 49 gold pieces
  2189 | D:7      | Bought a scroll of teleportation for 42 gold pieces
  2189 | D:7      | Bought a scroll of teleportation for 42 gold pieces
  2189 | D:7      | Bought 3 scrolls of fog for 84 gold pieces
  2192 | D:7      | Noticed aMcNicky's ghost (novice DEWz)
  2198 | D:7      | Killed aMcNicky's ghost
  2198 | D:7      | Reached skill level 8 in Unarmed Combat
  2198 | D:7      | Reached skill level 5 in Invocations
  2385 | D:9      | Reached XP level 10. HP: 81/81 MP: 17/20
  2389 | D:9      | Reached skill level 7 in Spellcasting
  2436 | D:9      | Found Tokaf's Magic Scroll Emporium.
  2439 | D:9      | Bought a scroll of immolation for 38 gold pieces
  2439 | D:9      | Bought a scroll of random uselessness for 11 gold pieces
  2456 | D:8      | Reached skill level 4 in Conjurations
  2456 | D:8      | Reached skill level 4 in Hexes
  2456 | D:8      | Reached skill level 4 in Charms
  2456 | D:8      | Reached skill level 4 in Summonings
  2456 | D:8      | Reached skill level 4 in Necromancy
  2456 | D:8      | Reached skill level 4 in Translocations
  2456 | D:8      | Reached skill level 4 in Fire Magic
  2456 | D:8      | Reached skill level 4 in Ice Magic
  2456 | D:8      | Reached skill level 4 in Air Magic
  2456 | D:8      | Reached skill level 4 in Earth Magic
  2456 | D:8      | Reached skill level 4 in Poison Magic
  2501 | D:8      | Found an ancient bone altar of Kikubaaqudgha.
  2501 | D:8      | Found a glowing golden altar of the Shining One.
  2519 | D:9      | Found a deep blue altar of Sif Muna.
  2522 | D:10     | Entered Level 10 of the Dungeon
  2594 | D:9      | Reached **** piety under Cheibriados
  2625 | D:10     | Reached skill level 5 in Short Blades
  2625 | D:10     | Reached skill level 5 in Long Blades
  2625 | D:10     | Reached skill level 5 in Axes
  2625 | D:10     | Reached skill level 5 in Maces & Flails
  2625 | D:10     | Reached skill level 5 in Polearms
  2625 | D:10     | Reached skill level 5 in Staves
  2625 | D:10     | Reached skill level 5 in Slings
  2625 | D:10     | Reached skill level 5 in Bows
  2625 | D:10     | Reached skill level 5 in Crossbows
  2625 | D:10     | Reached skill level 5 in Throwing
  2625 | D:10     | Reached skill level 5 in Armour
  2625 | D:10     | Reached skill level 5 in Stealth
  2625 | D:10     | Reached skill level 5 in Shields
  2625 | D:10     | Reached skill level 5 in Evocations
  2698 | D:10     | Reached skill level 7 in Dodging
  2784 | D:11     | Noticed a manticore
  2792 | D:11     | Killed a manticore
  2792 | D:11     | Reached ***** piety under Cheibriados
  2792 | D:11     | Reached skill level 6 in Fighting
  2828 | D:11     | Noticed a cyclops
  2830 | D:11     | Noticed a death yak
  2831 | D:11     | Noticed a death yak
  2835 | D:11     | HP: 4/99 [cyclops/large rock (36)]
  2837 | D:11     | Slain by a death yak

Skill      XL: |  1  2  3  4  5  6  7  8  9 10 |
---------------+-------------------------------+-----
Spellcasting   | 5 6 7 |  7.4
Invocations    | 1 2 3 4 5 |  5.9
Short Blades   | 1 2 4 5 |  5.3
Long Blades    | 1 2 4 5 |  5.3
Axes           | 1 2 4 5 |  5.3
Maces & Flails | 1 2 4 5 |  5.3
Polearms       | 1 2 4 5 |  5.3
Staves         | 1 2 4 5 |  5.3
Slings         | 1 2 4 5 |  5.3
Bows           | 1 2 4 5 |  5.3
Crossbows      | 1 2 4 5 |  5.3
Throwing       | 1 2 4 5 |  5.3
Armour         | 1 2 4 5 |  5.3
Stealth        | 1 2 4 5 |  5.3
Shields        | 1 2 4 5 |  5.3
Evocations     | 1 2 4 5 |  5.3
Conjurations   | 1 2 3 4 |  4.4
Hexes          | 1 2 3 4 |  4.4
Charms         | 1 2 3 4 |  4.4
Summonings     | 1 2 3 4 |  4.4
Necromancy     | 1 2 3 4 |  4.4
Translocations | 1 2 3 4 |  4.4
Fire Magic     | 1 2 3 4 |  4.4
Ice Magic      | 1 2 3 4 |  4.4
Air Magic      | 1 2 3 4 |  4.4
Earth Magic    | 1 2 3 4 |  4.4
Poison Magic   | 1 2 3 4 |  4.4
Fighting       | 3 4 5 6 |  6.0
Transmutations | 4 5 |  5.9
Dodging        | 5 6 7 |  7.1
Unarmed Combat | 7 8 |  8.5

Action                   |  1- 3 |  4- 6 |  7- 9 | 10-12 || total
-------------------------+-------+-------+-------+-------++-------
Melee: Unarmed           |    63 |    88 |   184 |    88 ||   423
       Kick              |     8 |       |       |       ||     8
       Bite              |     2 |     2 |       |     2 ||     6
       Headbutt          |     3 |       |       |       ||     3
       Punch             |       |     1 |       |     1 ||     2
       Dagger            |       |       |     2 |     7 ||     9
 Cast: Beastly Appendage |    12 |     2 |       |       ||    14
       Sticks to Snakes  |     4 |     6 |    22 |     6 ||    38
       Spider Form       |     4 |     5 |       |       ||     9
       Ice Form          |       |     4 |    20 |     6 ||    30
       Passwall          |       |       |     2 |     4 ||     6
       Sandblast         |       |       |       |     4 ||     4
 Abil: End Transformatio |       |       |     2 |       ||     2
       Blink             |       |       |     1 |     1 ||     2
  Use: Scroll            |       |     5 |     6 |     2 ||    13
       Potion            |       |     1 |     2 |     1 ||     4
 Stab: Sleeping          |       |     1 |     5 |     2 ||     8
  Eat: Ration            |       |     1 |       |       ||     1
       Chunk             |       |       |     4 |     2 ||     6
Armor: Robe              |     4 |    10 |       |       ||    14
       Skin              |       |     5 |    39 |    17 ||    61
Dodge: Dodged            |    36 |    70 |    95 |    75 ||   276

Table legend:
 A = Turns spent in this place as a percentage of turns spent in the entire game.
 B = Non-inter-level travel turns spent in this place as a percentage of non-inter-level travel turns spent in the entire game.
 C = Inter-level travel turns spent in this place as a percentage of turns spent in this place.
 D = Turns resting spent in this place as a percentage of non-inter-level travel turns spent in this place.
 E = Turns spent auto-exploring this place as a percentage of non-inter-level travel turns spent in this place.
 F = Non-inter-level travel turns spent in this place divided by the number of levels of this place that you've seen.
                   A       B       C       D       E      F
               +-------+-------+-------+-------+-------+----------------------
         Total | 100.0 | 100.0 |   2.1 |   0.0 |   0.0 | 213.7
       Dungeon |  89.7 |  89.5 |   2.3 |   0.0 |   0.0 | 225.9
        Temple |   0.6 |   0.6 |   0.0 |   0.0 |   0.0 |  18.0
         Sewer |   9.7 |   9.9 |   0.0 |   0.0 |   0.0 | 275.0
               +-------+-------+-------+-------+-------+----------------------

Table legend:
 A = Kills in this place as a percentage of kills in entire the game.
 B = Kills by you in this place as a percentage of kills by you in the entire game.
 C = Kills by friends in this place as a percentage of kills by friends in the entire game.
 D = Other kills in this place as a percentage of other kills in the entire game.
 E = Experience gained in this place as a percentage of experience gained in the entire game.
 F = Experience gained in this place divided by the number of levels of this place that you have seen.
                   A       B       C       D       E      F
               +-------+-------+-------+-------+-------+----------------------
         Total | 100.0 | 100.0 | 100.0 |   N/A | 100.0 | 580.9
       Dungeon |  88.6 |  87.0 | 100.0 |   N/A |  95.6 | 656.3
         Sewer |  11.4 |  13.0 |   0.0 |   N/A |   4.4 | 333.0
               +-------+-------+-------+-------+-------+----------------------

Vault maps used:
D:1:      dpeg_arrival_connections
D:2:      nicolae_overflow_crystal_walls, first_ration, columned_hall_lemuel,
          uniq_robin
D:3:      lightli_temple_of_fire
D:4:      overflow_temple_1_default, cheibrodos_sewer_entry_drain,
          minmay_bisected, uniq_pikel
D:6:      lemuel_insect_pit, old_standard_altar, lemuel_coloured_pillars_altar
D:7:      led_sif_book, temple_green, serial_shops, shop, nicolae_shop_stone,
          basic_altar
D:8:      amethyst_overflow_temple_binary, overflow_temple_1_default,
          special_room
D:9:      basic_altar, serial_shops, shop
D:11:     dpeg_lair_monsters, nicolae_wwwww
Temple:   cyrus_circular_temple
Sewer:    kennysheep_pipe_town
